 Dungeon Crawl Stone Soup version 0.28.0-53-g5a82cb258f (webtiles) character file.

Game seed: 16837113728347154239

30 Peloso the Skirmisher (level 3, 33/33 HPs)
             Began as a Minotaur Fighter on Aug 18, 2022.
             Got out of the dungeon alive.
             The game lasted 00:01:20 (1099 turns).

Peloso the Skirmisher (Minotaur Fighter)            Turns: 1099, Time: 00:01:21

Health: 33/33      AC:  7    Str: 20    XL:     3   Next: 5%
Magic:  2/2        EV:  9    Int:  5    God:
Gold:   19         SH:  4    Dex: 11    Spells: 2/2 levels left

rFire   . . .      SeeInvis .   a - +0 long sword
rCold   . . .      Faith    .   c - +0 buckler
rNeg    . . .      Spirit   .   b - +0 scale mail
rPois   .          Reflect  .   (helmet restricted)
rElec   .          Harm     .   (no cloak)
rCorr   .          Rampage  .   (no gloves)
Will    .....                   (no boots)
Stlth   ..........              (no amulet)
HPRegen 0.11/turn               (no ring)
MPRegen 0.08/turn               (no ring)

@: hasted, very quick
A: horns 2, retaliatory headbutt, deterioration 1, wild magic 1
a: no special abilities


You escaped.
You visited 1 branch of the dungeon, and saw 1 of its levels.

You collected 19 gold pieces.

Inventory:

Hand Weapons
 a - a +0 long sword (weapon)
Armour
 b - a +0 scale mail (worn)
 c - a +0 buckler (worn)
Potions
 d - a potion of might
 f - a potion of curing


   Skills:
 + Level 4.1 Fighting
 + Level 3.0 Long Blades
 + Level 4.1 Armour
 + Level 0.4 Dodging
 + Level 3.7 Shields


You had 2 spell levels left.
You didn't know any spells.
Your spell library contained the following spells:

 Spells                   Type           Power      Damage    Failure   Level
 Sandblast                Erth           0%         2d4       93%         1
 Passwall                 Tmut/Erth      0%         N/A       98%         2
 Stone Arrow              Conj/Erth      0%         3d7       100%        3


Dungeon Overview and Level Annotations

Branches:
Dungeon (1/15)

Altars:


Innate Abilities, Weirdness & Mutations

You have a pair of horns on your head.
You reflexively headbutt those who attack you in melee.
Your body sometimes deteriorates upon taking damage.
Your spells are a little harder to cast, but a little more powerful.


Message History

The bat hits you but does no damage.
You closely miss the bat. Your headbutt misses the bat.
You block the bat's attack. You block the bat's attack.
The bat hits you but does no damage. x2
You closely miss the bat. The bat barely misses you. You furiously retaliate!
You headbutt the bat!
You kill the bat!
You see here a bat corpse.
You see here a +0 whip.
There is a faded altar of an unknown god here.
There is a dry fountain here.
There is a dry fountain here.
There is an open door here.
There is an open door here.
There is a staircase leading out of the dungeon here.
There is an open door here.
You open the door.
There is an open door here.
Found a stone staircase leading down.
Found an escape hatch in the floor.
There is an open door here.
There is an open door here.
Done exploring.
Done exploring.
Done exploring.
Done exploring.
You aren't carrying any scrolls.
It was a potion of haste.
You feel yourself speed up.
It was a potion of curing.
You feel better.
It was a potion of mutation.
You feel extremely strange.
You feel yourself wasting away.
You feel less in control of your magic.
(D) Dungeon
Where to? (? - help)
What level of the Dungeon? (default 1, ? - help)
You see here 30 arrows.
There is an open door here.
There is an open door here.
There is a staircase leading out of the dungeon here.
Are you sure you want to leave the Dungeon?
This will make you lose the game!
You have escaped!

..#
#.##..##.#.#.##..##.#..#.#.
#.#
#.#.##.#.'.#.#.##.#.#..#.#.
#.#
#.#.#>##.#.#.##.#.#.#.##.#.
#.#
#.#.###.##.##.###.#.####.#.
#.#
#.##...###.###...##.####.#.
#.## #.###### #.#
######.#..#.#. ...## ##.##
##'## ##.###.#.#. .#..#
##.## #...# ##.###....#.
....# ##.## #.@.#
##.###..#.... ....#
##.###...###.## ##....#.
###.# ##.###'###.##
#....### #.# ##.##.##.##
###.#.#. #)#
######.#.#.###### #.##.#
#.# ##...##.#.#.##...##
#.##.# ###.#
##.###.#.#.#.#.###.###.##.#
....#
#.##>#.#.#.'.#.#>##.##....#
##.##
#.#.##.#.#.#.#.##.#.#...###


There were no monsters in sight!

Vanquished Creatures
  2 ball pythons (D:1)
  6 bats (D:1)
  An endoplasm (D:1)
  3 giant cockroaches (D:1)
  4 goblins (D:1)
  2 hobgoblins (D:1)
  3 jackals (D:1)
  A quokka (D:1)
  3 kobolds (D:1)
  3 rats (D:1)
28 creatures vanquished.

Notes
Turn   | Place    | Note
-------+----------+-------------------------------------------
     0 | D:1      | Peloso the Minotaur Fighter began the quest for the Orb.
     0 | D:1      | Reached XP level 1. HP: 19/19 MP: 0/0
   278 | D:1      | Reached XP level 2. HP: 24/27 MP: 1/1
   691 | D:1      | Found a faded altar of an unknown god.
   726 | D:1      | Reached XP level 3. HP: 33/33 MP: 2/2
  1055 | D:1      | Gained mutation: Your body sometimes deteriorates upon
                  | taking damage. [potion of mutation]
  1055 | D:1      | Gained mutation: Your spells are a little harder to cast,
                  | but a little more powerful. [potion of mutation]
  1099 | D:$      | Got out of the dungeon alive.

Illustrated notes

Levels and vault maps discovered:
D:1:      roderic_lyre, layout_loops_ring, shapermc_ecumenical_altar_venn,
          st_stairs_12

Skill      XL: |  1  2 |
---------------+-------+-----
Armour         | 4 |  4.1
Fighting       | 4 |  4.1
Long Blades    | 3 |  3.0
Dodging        | |  0.4
Shields        | |  3.7

Action                   || total
-------------------------++-------
Melee: Long sword        ||    63
       Headbutt          ||     3
  Use: Potion            ||     3
Armor: Scale mail        ||    35
Dodge: Dodged            ||    38
Block: Buckler           ||    14
